AoeStats
← AiM | Natural Killer

Arabia

508746850Analyzed
1v1 RM · 9d ago on Sep 23, 2026· 39m 44s· 2 players
Game mode
Random Map
Map size
Tiny (2 player)
Population
200
Speed
Normal
Resources
Standard
Victory
Conquest
Starting age
Dark Age
Ending age
Imperial Age
RankedLock teamsTeams togetherTeam positionsShared explorationLock speedFull tech treeHidden civsTurbo modeCheats
Victory
Defeat
🇨🇱 Persians · Chile
1570
+20
🇲🇽 Malay · Mexico
1665
-20
AiM | Natural Killer
5:55 Loom
8:33 Feudal Age
8:42 Man-at-Arms
14:25 Fletching
17:39 Wheelbarrow
23:18 Castle Age
21:32 Horse Collar
22:32 Bloodlines
23:03 Forging
25:58 Double-Bit Axe
26:50 Bow Saw
28:40 Padded Archer Armor
29:54 Bodkin Arrow
30:38 Parthian Tactics
31:12 Ballistics
31:23 Husbandry
34:12 Thumb Ring
39:12 Imperial Age
37:50 Scale Barding Armor
39:09 Chain Barding Armor
39:41 Iron Casting
38:57 Cavalier
40:40 Plate Barding Armor
hK | TwisteR
7:17 Loom
9:45 Feudal Age
9:30 Man-at-Arms
14:17 Fletching
17:48 Wheelbarrow
21:25 Castle Age
20:08 Double-Bit Axe
26:13 Horse Collar
27:37 Bow Saw
28:11 Pikeman
29:19 Town Watch
30:25 Squires
36:29 Imperial Age
35:01 Crossbowman
36:30 Light Cavalry
36:37 Arbalester
37:15 Bodkin Arrow
39:17 Bracer
Connection lost

Rejoining the realm…

Still unreachable

The connection could not be restored.

Session expired

The server has moved on; the page needs a fresh start.